 Dungeon Crawl Stone Soup version 0.27.1-34-g3ba077fa99 (webtiles) character file.

Game seed: 1000964279932264691

2 Karpo the Sneak (level 1, -3/9 HPs)
             Began as a Spriggan Enchanter on Jan 20, 2022.
             Slain by a kobold (5 damage)
             ... on level 1 of the Dungeon.
             The game lasted 00:00:38 (117 turns).

Karpo the Sneak (Spriggan Enchanter)                 Turns: 117, Time: 00:00:40

Health: -3/9       AC:  2    Str:  4    XL:     1   Next: 33%
Magic:  5/5        EV: 17    Int: 16    God:
Gold:   15         SH:  0    Dex: 15    Spells: 4/5 levels left

rFire    . . .     SeeInvis +   a - +1 dagger
rCold    . . .     Faith    .   (shield restricted)
rNeg     . . .     Spirit   .   b - +0 robe
rPois    .         Reflect  .   (helmet restricted)
rElec    .         Harm     .   (no cloak)
rCorr    .         Rampage  .   (gloves unavailable)
Will     .....                  (boots unavailable)
Stlth    +++.......             (no amulet)
HPRegen  0.03/turn              (no ring)
MPRegen  0.09/turn              (no ring)

@: very quick
A: very small, no large weapons, unfitting armour, see invisible, speed 3
a: no special abilities


You were on level 1 of the Dungeon.
You visited 1 branch of the dungeon, and saw 2 of its levels.

You collected 15 gold pieces.

Inventory:

Hand Weapons
 a - a +1 dagger (weapon)
Armour
 b - a +0 robe (worn)


   Skills:
 + Level 1.3 Short Blades
 - Level 2.6 Dodging
 + Level 4.6 Stealth
 - Level 2.6 Spellcasting
 - Level 3.6 Hexes


You had 4 spell levels left.
You knew the following spells:

 Your Spells              Type           Power      Damage    Failure   Level
a - Corona                Hex            14%        N/A       4%          1

Your spell library contained the following spells:

 Spells                   Type           Power      Damage    Failure   Level
 Confusing Touch          Hex            13%        N/A       13%         3
 Tukima's Dance           Hex            13%        N/A       13%         3
 Ensorcelled Hibernation  Hex/Ice        14%        N/A       14%         2
 Dazzling Flash           Conj/Hex       14%        N/A       28%         3


Dungeon Overview and Level Annotations

Branches:
Dungeon (2/15)

Altars:


Innate Abilities, Weirdness & Mutations

You are very small and have problems with some larger weapons.
You are too small for most types of armour.
You have supernaturally acute eyesight. (SInv)
You cover ground extremely quickly. (Speed+++)


Message History

You climb upwards.
There is a stone staircase leading down here.
A kobold comes into view. It is wielding a +0 dagger.
The helpless kobold fails to defend itself.
You puncture the kobold!
You kill the kobold!
A bat and a kobold come into view.
The kobold is wielding a +1 whip of pain.
A kobold comes into view. It is wielding a +0 club.
The kobold shouts!
You hear a shout!
The bat hits you but does no damage. The bat closely misses you.
The kobold shouts!
You hit the bat but do no damage. The bat hits you but does no damage.
The kobold throws a stone.
The stone misses you.
You hit the kobold.
The kobold is severely wounded.
The kobold throws a stone.
The stone closely misses you.
You hit the kobold but do no damage.
The kobold is severely wounded.
The bat closely misses you.
The kobold hits you with a +1 whip of pain.
Ouch! That really hurt!
You completely miss the kobold.
The kobold is severely wounded.
The kobold closely misses you. The bat hits you but does no damage.
You closely miss the kobold.
The kobold is severely wounded.
The bat hits you but does no damage.
The kobold throws a stone.
The stone barely misses you. The kobold closely misses you.
You barely miss the kobold.
The kobold is severely wounded.
The bat completely misses you. The kobold closely misses you.
You hit the kobold but do no damage.
The kobold is severely wounded.
The bat hits you.
* * * LOW HITPOINT WARNING * * *
A kobold comes into view. It is wielding a +1 dagger of draining.
The kobold hits you with a +1 whip of pain.
Ouch! That really hurt!
You die...

.#..##'######## ..
♣.♣♣♣♣♣ #.. ♣....P♣
#.#.#♣.♣♣♣.♣♣
#.#.#♣.♣♣P.P♣♣ .
#.#.#♣.♣P....♣♣
..K#######.#.#♣.♣♣.⌠....
.............#♣.♣.....♣.
#..K@.....#♣....P♣P♣.
#...b.....#♣...♣♣♣♣♣
####...#..#♣<........
#K..#..#♣♣♣♣♣♣♣♣♣♣
#...##.###########
#...##.............
#...#########......
...## ##...## #...
######


You could see a bat and 3 kobolds.

Vanquished Creatures
  A kobold (D:1)
  2 rats (D:1)
3 creatures vanquished.

Notes
Turn   | Place    | Note
-------+----------+-------------------------------------------
     0 | D:1      | Karpo the Spriggan Enchanter began the quest for the Orb.
     0 | D:1      | Reached XP level 1. HP: 9/9 MP: 5/5
   117 | D:1      | Slain by a kobold

Illustrated notes

Levels and vault maps discovered:
D:1:      psy_arrival_fountain, layout_rooms, serial_curves, eino_curves_01,
          eino_curves_01, hangedman_decor_diamond_cutter
D:2:      layout_loops_corners, basic_altar,
          chequers_ecumenical_altar_simple_redux, kennysheep_another_room,
          uniq_crazy_yiuf_cottage

Action                   || total
-------------------------++-------
Melee: Dagger            ||    11
 Stab: Sleeping          ||     2
Armor: Robe              ||     4
Dodge: Dodged            ||    11
